 Dungeon Crawl Stone Soup version 0.20.1-1-g8b1a95d (webtiles) character file.

46 karf the Slasher (level 3, -4/30 HPs)
             Began as a Formicid Monk on Oct 28, 2017.
             Was a Follower of Ru.
             Slain by PipsiMox's ghost (14 damage)
             ... on level 3 of the Dungeon.
             The game lasted 00:08:32 (2451 turns).

karf the Slasher (Formicid Monk)                    Turns: 2451, Time: 00:08:32

Health: -4/30      AC:  7    Str: 21    XL:     3   Next: 92%
Magic:  3/3        EV:  9    Int:  9    God:    Ru [*.....]
Gold:   97         SH:  3    Dex: 13    Spells: 2/2 levels left

rFire    . . .     SeeInvis +   a - +1 falchion
rCold    . . .     Gourm    .   v - +0 buckler
rNeg     . . .     Faith    .   l - +0 ring mail
rPois    .         Spirit   .   (helmet unavailable)
rElec    .         Reflect  .   (no cloak)
rCorr    .         Harm     .   m - +0 pair of gloves
MR       .....                  k - +0 pair of boots
Stlth    +.........             q - amulet of regeneration
Regen    0.5/turn               (no ring)
MPRegen  0.1/turn               (no ring)

@: mighty
A: permanent stasis, dig shafts and tunnels, four strong arms, antennae 3,
inability to train dodging
a: Dig, Shaft Self, Renounce Religion


You were on level 3 of the Dungeon.
You worshipped Ru.
Ru was aware of your devotion.
You were hungry.

You visited 1 branch of the dungeon, and saw 3 of its levels.

You collected 97 gold pieces.

Inventory:

Hand Weapons
 a - a +1 falchion (weapon)
Missiles
 h - 72 stones (quivered)
Armour
 k - a +0 pair of boots (worn)
 l - a +0 ring mail (worn)
 m - a +0 pair of gloves (worn)
 v - a +0 buckler (worn)
Jewellery
 q - an amulet of regeneration (around neck)
Scrolls
 p - a scroll of remove curse
Potions
 e - a potion of agility
 i - a potion of flight
 j - a potion of mutation {unknown}
 r - a potion of magic {unknown}
 u - a potion of curing
 w - a potion of brilliance {unknown}
Comestibles
 b - a fruit
 c - a bread ration
 f - a meat ration


   Skills:
 + Level 3.7 Fighting
 * Level 4.0 Long Blades
 + Level 1.2 Armour
 - Level 2.4 Stealth
 + Level 0.0 Shields


You had 2 spell levels left.
You didn't know any spells.

Dungeon Overview and Level Annotations

Branches:
Dungeon (3/15)

Altars:
Ru
The Shining One

Annotations:
D:3 PipsiMox's ghost, amateur TrFi


Innate Abilities, Weirdness & Mutations

You cannot be hasted, slowed, berserked, paralysed or teleported.
You can dig through walls and to a lower floor.
Your four strong arms can wield two-handed weapons with a shield.
You have a pair of large antennae on your head. (SInv)
You cannot train Dodging skill.


Message History

Level annotation: PipsiMox's ghost, amateur TrFi
There is a stone staircase leading up here.
You hit PipsiMox's ghost.
PipsiMox's ghost is lightly damaged.
PipsiMox's ghost barely misses you.
You hit PipsiMox's ghost.
PipsiMox's ghost is lightly damaged.
You block PipsiMox's ghost's attack.
You slash PipsiMox's ghost!
PipsiMox's ghost is moderately damaged.
PipsiMox's ghost hits you!
You hit PipsiMox's ghost.
PipsiMox's ghost is moderately damaged.
You block PipsiMox's ghost's attack.
You feel very mighty all of a sudden. PipsiMox's ghost hits you!
You hit PipsiMox's ghost.
PipsiMox's ghost is heavily damaged.
You block PipsiMox's ghost's attack. PipsiMox's ghost hits you!
You die...

##########
#..W@....#
#######.######.#
#..............#
#.#####.#####..
#W# W. ###.# .#
#...# W# { #.###
###.### #W#
#.W...#


You could see PipsiMox's ghost.

Vanquished Creatures
  An adder (D:2)
  A dart slug (D:2)
  2 ball pythons (D:2)
  2 giant cockroaches (D:1)
  4 goblins
  5 hobgoblins
  A quokka (D:2)
  7 bats
  6 kobolds (D:1)
  6 rats
35 creatures vanquished.

Notes
Turn   | Place    | Note
-------+----------+-------------------------------------------
     0 | D:1      | karf the Formicid Monk began the quest for the Orb.
     0 | D:1      | Reached XP level 1. HP: 18/18 MP: 1/1
   476 | D:1      | Reached XP level 2. HP: 22/24 MP: 2/2
  1318 | D:1      | Reached XP level 3. HP: 18/29 MP: 3/3
  1706 | D:2      | Reached skill level 1 in Armour
  1779 | D:2      | Found a sacrificial altar of Ru.
  1786 | D:2      | Became a worshipper of Ru the Awakened
  1801 | D:2      | Gained mutation: You cannot train Dodging skill. [Ru sacrifice]
  1801 | D:2      | Reached * piety under Ru
  2099 | D:2      | Reached skill level 4 in Long Blades
  2356 | D:2      | Found a glowing golden altar of the Shining One.
  2406 | D:3      | Noticed PipsiMox's ghost (amateur TrFi)
  2451 | D:3      | Slain by PipsiMox's ghost

Skill      XL: |  1  2  3 |
---------------+----------+-----
Armour         | 1 |  1.2
Dodging        | 0 |  0.0
Long Blades    | 4 |  4.0
Fighting       | |  3.7
Stealth        | |  2.4

Action                   || total
-------------------------++-------
Melee: Falchion          ||   133
Invok: Sacrifice Nimblen ||     1
  Use: Scroll            ||     9
       Potion            ||     1
 Stab: Sleeping          ||     1
  Eat: Chunk             ||     4
Armor: Robe              ||    11
       Ring mail         ||    41
Dodge: Dodged            ||    75
Block: Buckler           ||     7
       Rpst.: Falchion   ||    18
